 Dungeon Crawl Stone Soup version 0.29.1-12-g30fa7ad0bf (webtiles) character file.

Game seed: 11686295470577024363

1348 MisterFreud the Cruncher (level 8, 0/62 HPs)
             Began as a Formicid Gladiator on Dec 27, 2022.
             Splashed by a jelly's acid (10 damage)
             ... on level 6 of the Dungeon.
             The game lasted 00:07:02 (5983 turns).

MisterFreud the Cruncher (Formicid Gladiator)       Turns: 5983, Time: 00:07:03

Health: 0/62       AC:  3    Str: 23    XL:     8   Next: 94%
Magic:  8/8        EV: 12    Int:  8    God:
Gold:   82         SH:  0    Dex: 15    Spells: 7/7 levels left

rFire   + . .      SeeInvis +   p - +9 quarterstaff "Goblinslayer" {elec, Fragile +Blink rF+ Str+2}
rCold   . . .      Faith    .   (no shield)
rNeg    . . .      Spirit   .   b - +0 leather armour
rPois   .          Reflect  .   (helmet unavailable)
rElec   .          Harm     .   (no cloak)
rCorr   .          Rampage  .   (no gloves)
Will    .....                   (no boots)
Stlth   +.........              (no amulet)
HPRegen 0.20/turn               (no ring)
MPRegen 0.11/turn               (no ring)

@: no status effects
A: permanent stasis, dig shafts and tunnels, antennae 3, four strong arms
a: Dig, Shaft Self


You were on level 6 of the Dungeon.
You visited 1 branch of the dungeon, and saw 7 of its levels.

You collected 280 gold pieces.
You spent 198 gold pieces at shops.

Inventory:

Hand Weapons
 a - a +0 quarterstaff of electrocution
 p - the +9 quarterstaff "Goblinslayer" (weapon) {elec, Fragile +Blink rF+ Str+2}
   (You bought it in a shop on level 2 of the Dungeon)

   It occasionally discharges a powerful burst of electricity upon striking a
   foe.
   Str:       It affects your strength (+2).
   rF:        It protects you from fire.
   +Blink:    It lets you blink.
   Fragile:   It will be destroyed if unequipped.
Missiles
 c - 3 throwing nets (quivered)
 d - a javelin
 m - 4 boomerangs
Armour
 b - a +0 leather armour (worn)
 k - a +0 plate armour
 v - the +4 scale mail "Taig" {Fly rElec Int+3}
   (You acquired it on level 5 of the Dungeon)

   Int:       It affects your intelligence (+3).
   rElec:     It insulates you from electricity.
   Fly:       It grants you flight.
Jewellery
 n - an amulet of magic regeneration
 o - an amulet of regeneration
 q - a +6 ring of intelligence
Scrolls
 l - a scroll of brand weapon
 s - a scroll of butterflies
 u - a scroll of amnesia
 w - a scroll of fear
Potions
 e - 3 potions of curing
 f - 2 potions of resistance
 g - 2 potions of heal wounds
 h - a potion of brilliance
 i - a potion of mutation
 j - a potion of ambrosia
 r - a potion of lignification
 t - a potion of cancellation {unknown}


   Skills:
 - Level 5.0 Fighting
 + Level 8.7 Staves
 - Level 2.0 Throwing
 - Level 5.0 Armour
 - Level 2.6 Dodging


You had 7 spell levels left.
You didn't know any spells.
Your spell library contained the following spells:

 Spells                   Type           Power      Damage    Failure   Level
 Apportation              Tloc           0%         N/A       43%         1
 Magic Dart               Conj           0%         1d3       43%         1
 Necrotise                Necr           0%         1d4       43%         1
 Sting                    Tmut/Pois      0%         1d3       43%         1
 Summon Small Mammal      Summ           0%         N/A       43%         1
 Call Imp                 Summ           0%         N/A       58%         2
 Poisonous Vapours        Pois/Air       0%         N/A       58%         2
 Gell's Gravitas          Tloc           0%         N/A       82%         3
 Lesser Beckoning         Tloc           0%         N/A       82%         3
 Mephitic Cloud           Conj/Pois/Air  0%         N/A       82%         3
 Teleport Other           Tloc           0%         N/A       82%         3
 Olgreb's Toxic Radiance  Pois           0%         N/A       99%         4


Dungeon Overview and Level Annotations

Branches:
Dungeon (7/15)
 Temple: D:4-7

Altars:
Elyvilon
Gozag
Makhleb
Qazlal
Uskayaw
Wu Jian
The Shining One

Shops:
D:2 ((?   D:4 (   D:5 (

Annotations:
D:5 2 transporters, Manslay's ghost, novice OpCj
D:6 1 runed translucent door, Eustachio; gargbit's ghost, amateur OpFi


Innate Abilities, Weirdness & Mutations

You cannot be hasted, slowed, berserked, paralysed or teleported.
You can dig through walls and to a lower floor.
You have a pair of large antennae on your head. (SInv)
Your four strong arms can wield two-handed weapons with a shield.


Message History

The arrow barely misses you.
You hit the orc priest but do no damage.
The orc priest hits you with a +0 club.
The centaur shoots an arrow.
The arrow misses you.
You sock the orc priest!
You kill the orc priest!
The centaur shoots an arrow.
The arrow hits you!
* * * LOW HITPOINT WARNING * * *
You feel much better.
The centaur shoots an arrow.
The arrow hits you!
A jelly comes into view.
The sentinel's mark upon you fades away.
The centaur unwields a +0 shortbow.
The centaur hits you.
The centaur kicks you but does no damage.
An orc comes into view. It is wielding a +0 dagger.
A jelly comes into view.
You sock the centaur!
The centaur is heavily wounded.
The centaur hits you.
* * * LOW HITPOINT WARNING * * *
The centaur barely misses you. The centaur hits you.
* * * LOW HITPOINT WARNING * * *
The centaur barely misses you.
You closely miss the centaur.
The centaur is heavily wounded.
The centaur barely misses you. The centaur misses you.
Eustachio the Magnificent comes into view.
He is wielding a +1 falchion of electrocution and carrying a wand of polymorph (5).
You sock the centaur!
The centaur is almost dead.
The centaur barely misses you.
The centaur kicks you but does no damage.
The jelly barely misses you.
An orc comes into view. It is wielding a +0 club.
You sock the centaur!
You kill the centaur!
The jelly hits you but does no damage. The orc attacks as you move away!
The orc closely misses you. The jelly attacks as you move away!
The jelly hits you.
* * * LOW HITPOINT WARNING * * *
You are splashed with acid!
You die...

#~~r# . ## #~WF# .#...
#rFF##...#
.#####+##?..{
..........# #.@J# ?..
#.#o# ###.# # ##. # #J#
#..... .... #@#
#.#.#.#.......o))......
#.#......#.F##..#######
#.#.#.#.... ...#
##.......# ...## ..).>#
# .### ###..#.# #.
#.!....## # #.#........


You could see Eustachio, 4 bullfrogs, 2 jellies, gargbit's ghost, a river rat
and 2 orcs.

Vanquished Creatures
  Prince Ribbit (D:5)
  Duvessa (D:4)
  A black bear (D:4)
  A centaur (D:6)
  2 necrophages
  A scorpion (D:5)
  Dowan (D:4)
  A crimson imp (D:4)
  4 jellies
  6 hounds
  2 orc priests
  An orc wizard (D:5)
  An iguana (D:4)
  7 adders
  6 gnolls
  An ufetubus (D:5)
  A worm (D:3)
  2 dart slugs
  10 orcs
  9 ball pythons
  4 endoplasms
  A giant cockroach (D:3)
  4 goblins
  4 hobgoblins
  4 quokkas
  5 bats
  4 frilled lizards
  A goblin skeleton (D:4)
  2 goblin zombies (D:4)
  4 hobgoblin zombies (D:4)
  6 kobolds
  A kobold skeleton (D:4)
  3 orc skeletons (D:4)
  2 orc zombies (D:4)
  3 rats (D:1)
107 creatures vanquished.

Notes
Turn   | Place    | Note
-------+----------+-------------------------------------------
     0 | D:1      | MisterFreud the Formicid Gladiator began the quest for the
                  | Orb.
     0 | D:1      | Reached XP level 1. HP: 16/16 MP: 1/1
   225 | D:1      | Reached XP level 2. HP: 11/22 MP: 2/2
   227 | D:1      | You fall into a shaft and drop 1 floor!
   550 | D:2      | Reached skill level 4 in Staves
   550 | D:2      | Reached XP level 3. HP: 18/27 MP: 3/3
  1543 | D:2      | Found Uhux's Antique Weapon Shoppe.
  1554 | D:2      | Found Ykladum's Antique Weapon Boutique.
  1556 | D:2      | Reached XP level 4. HP: 32/33 MP: 4/4
  1685 | D:2      | Found Dephu's Magic Scroll Shop.
  2018 | D:3      | Reached skill level 5 in Staves
  2131 | D:3      | Found a white marble altar of Elyvilon.
  2336 | D:3      | Reached XP level 5. HP: 31/38 MP: 5/5
  2397 | D:3      | Found a stormy altar of Qazlal.
  2952 | D:3      | You fall into a shaft and drop 1 floor!
  3191 | D:4      | Noticed a black bear
  3198 | D:4      | Reached skill level 6 in Staves
  3202 | D:4      | Killed a black bear
  3203 | D:4      | Reached XP level 6. HP: 20/48 MP: 6/6
  3435 | D:4      | Found a glowing golden altar of the Shining One.
  3486 | D:4      | Reached skill level 5 in Fighting
  3486 | D:4      | Reached XP level 7. HP: 41/56 MP: 7/7
  3888 | D:3      | Reached skill level 1 in Armour
  4103 | D:3      | Found a faded altar of an unknown god.
  4187 | D:4      | Found a burning altar of Makhleb.
  4273 | D:4      | Noticed Dowan
  4274 | D:4      | Noticed Duvessa
  4282 | D:4      | Found an ornate altar of the Wu Jian Council.
  4290 | D:4      | Killed Duvessa
  4305 | D:4      | Killed Dowan
  4556 | D:4      | Found Senkous's Antique Weapon Boutique.
  4845 | D:2      | Bought a jewelled quarterstaff for 198 gold pieces
  4845 | D:2      | Identified the +9 quarterstaff "Goblinslayer" {elec,
                  | Fragile +Blink rF+ Str+2} (You bought it in a shop on level
                  | 2 of the Dungeon)
  4934 | D:5      | Entered Level 5 of the Dungeon
  4967 | D:5      | Reached XP level 8. HP: 62/62 MP: 8/8
  4981 | D:5      | Found Iliyceis's Weapon Shoppe.
  4981 | D:5      | Noticed Prince Ribbit
  4985 | D:5      | Killed Prince Ribbit
  4986 | D:5      | Reached skill level 7 in Staves
  5141 | D:5      | Noticed Manslay's ghost (novice OpCj)
  5142 | D:5      | Found a transporter.
  5142 | D:5      | Noticed a troll
  5143 | D:5      | Found a transporter.
  5193 | D:5      | Found an opulent altar of Gozag.
  5204 | D:5      | You fall into a shaft and drop 2 floors!
  5545 | D:5      | Found a hide-covered altar of Uskayaw.
  5554 | D:5      | Reached skill level 5 in Armour
  5789 | D:5      | Reached skill level 8 in Staves
  5958 | D:5      | Identified a scroll of acquirement
  5958 | D:5      | Acquired the +4 scale mail "Taig" {Fly rElec Int+3}
  5970 | D:6      | Noticed gargbit's ghost (amateur OpFi)
  5970 | D:6      | Found a runed translucent door.
  5980 | D:6      | Noticed Eustachio
  5983 | D:6      | Splashed by a jelly's acid

Illustrated notes

Levels and vault maps discovered:
D:1:      beargit_arrival_diablo_church, layout_basic, minmay_unequal
D:2:      layout_basic, serial_shops, nicolae_shop_behind_doors, shop_statue,
          nicolae_shop_statue_plus, dreamdust_mushroom_princess
D:3:      layout_rooms, elyvilon_altar_3, lemuel_crystal_altar,
          shapermc_ecumenical_altar_hornbeckon, minmay_checkerbox
D:4:      layout_rooms, lemuel_doored_altar, nicolae_tso_besieged_by_evil,
          makhleb_heckhound_becter, serial_shops, nicolae_stop_n_shop_2,
          eino_small_chamber_without_monster, chequers_serial_rivers_micro_b,
          uniq_duvessa
D:5:      layout_basic, nicolae_uskayaw_murder_on_the_dancefloor,
          mainiacjoe_overflow_paths, serial_shops, nicolae_lakefront_shop,
          gammafunk_ghost_arena, uniq_prince_ribbit1
D:6:      layout_loops_ring, ebering_ghost_sewer_f, abandoned_shop,
          uniq_eustachio
D:7:      layout_cave_pools, grunt_ashenzari_visionary
          [grunt_ashenzari_visionary_swamp, grunt_ashenzari_visionary_snake],
          grunt_temple_overflow_open, minmay_temple_entry_grid, uniq_maggie

Skill      XL: |  1  2  3  4  5  6  7  8 |
---------------+-------------------------+-----
Staves         | 4 5 6 8 |  8.7
Fighting       | 4 5 |  5.0
Armour         | 3 5 |  5.0
Throwing       | |  2.0
Dodging        | |  2.6

Action                   |  1- 3 |  4- 6 |  7- 9 || total
-------------------------+-------+-------+-------++-------
Melee: Quarterstaff      |    56 |   104 |   112 ||   272
       Punch             |     1 |     1 |       ||     2
 Abil: Shaft Self        |     1 |     1 |     1 ||     3
  Use: Scroll            |     8 |       |    12 ||    20
       Potion            |       |     1 |     1 ||     2
 Stab: Sleeping          |       |     3 |     1 ||     4
Armor: Leather armour    |    24 |    25 |    20 ||    69
Dodge: Dodged            |    52 |    66 |    63 ||   181
